 Dungeon Crawl Stone Soup version 0.28-a0-1382-g92835e5c71 (webtiles) character file.

Game seed: 8191127564469195689

1644 blank1 the Thaumaturge (level 8, -8/45 HPs)
             Began as a Deep Elf Fire Elementalist on Jan 2, 2022.
             Shot with an arrow by a centaur (12 damage)
             ... on level 5 of the Dungeon.
             The game lasted 00:19:04 (5141 turns).

blank1 the Thaumaturge (Deep Elf Fire Elementalist) Turns: 5141, Time: 00:19:05

Health: -8/45      AC:  4    Str:  5    XL:     8   Next: 67%
Magic:  20/23      EV: 13    Int: 23    God:
Gold:   284        SH:  0    Dex: 15    Spells: 16/25 levels left

rFire   . . .      SeeInvis .   t - +7 quarterstaff of the Blue Skies {holy, rCorr Stlth+}
rCold   . . .      Faith    .   (shield currently unavailable)
rNeg    . . .      Spirit   .   a - +0 robe
rPois   .          Reflect  .   (no helmet)
rElec   .          Harm     .   s - +0 cloak
rCorr   +          Rampage  .   (no gloves)
Will    .....                   l - +0 pair of boots
Stlth   ++++......              (no amulet)
HPRegen 0.15/turn               (no ring)
MPRegen 0.18/turn               (no ring)

@: no status effects
A: no striking features
a: no special abilities


You were on level 5 of the Dungeon.
You visited 2 branches of the dungeon, and saw 6 of its levels.

You collected 284 gold pieces.

Inventory:

Hand Weapons
 i - a +3 whip
 k - a +1 vampiric dagger
 t - the +7 quarterstaff of the Blue Skies (weapon) {holy, rCorr Stlth+}
   (You found it on level 4 of the Dungeon)

   It has been blessed by the Shining One to cause great damage to the undead
   and demons.
   rCorr:     It protects you from acid and corrosion.
   Stlth:     It makes you more stealthy.
Armour
 a - a +0 robe (worn)
 l - a +0 pair of boots (worn)
 r - the +0 cloak of the Old World {+Blink rC+ Str-5 SInv}
   (You found it on level 4 of the Dungeon)

   Str:       It affects your strength (-5).
   rC:        It protects you from cold.
   SInv:      It lets you see invisible.
   +Blink:    It lets you blink.
 s - a +0 cloak (worn)
Wands
 e - a wand of flame (17)
Scrolls
 b - a scroll of amnesia {unknown}
 f - a scroll of silence {unknown}
 h - a scroll of immolation {unknown}
 m - a scroll of fog {unknown}
 o - a scroll of noise {unknown}
 q - 4 scrolls of teleportation {unknown}
 u - a scroll of holy word {unknown}
Potions
 c - a potion of haste
 g - a potion of brilliance
 j - a potion of experience {unknown}
 n - a potion of mutation {unknown}
 p - a potion of berserk rage {unknown}
 v - a potion of lignification {unknown}


   Skills:
 + Level 2.6 Fighting
 - Level 4.0 Dodging
 - Level 4.0 Stealth
 - Level 9.0 Spellcasting
 - Level 3.0 Conjurations
 - Level 5.0 Hexes
 - Level 7.0 Fire Magic


You had 16 spell levels left.
You knew the following spells:

 Your Spells              Type           Power      Damage    Failure   Level
a - Foxfire               Conj/Fire      100%       2x1d9     1%          1
b - Scorch                Fire           84%        2d9       1%          2
c - Conjure Flame         Conj/Fire      33%        6-21      2%          3
d - Dazzling Flash        Conj/Hex       56%        N/A       3%          3

Your spell library contained the following spells:

 Spells                   Type           Power      Damage    Failure   Level
 Inner Flame              Hex/Fire       37%        N/A       1%          3
 Flame Wave               Conj/Fire      33%        2d7       8%          4
 Gell's Gravitas          Tloc           10%        N/A       19%         3
 Lesser Beckoning         Tloc           10%        N/A       19%         3
 Teleport Other           Tloc           10%        N/A       19%         3
 Silence                  Hex/Air        10%        N/A       52%         5
 Agony                    Necr           10%        N/A       86%         5


Dungeon Overview and Level Annotations

Branches:
Dungeon (5/15)             Temple (1/1) D:4

Altars:
Dithmenos
Elyvilon
Fedhas
Gozag
Kikubaaqudgha
Makhleb
Okawaru
Ru
Sif Muna
Trog
Uskayaw
Wu Jian
Xom
Yredelemnul
Zin
The Shining One


Message History

You kill the kobold!
The kobold brigand throws a curare-tipped dart.
The curare-tipped dart barely misses you.
You conjure some foxfire!
The foxfire hits the kobold brigand!
The kobold brigand is heavily wounded.
The foxfire hits the kobold brigand but does no damage.
The kobold brigand is heavily wounded.
The foxfire hits the kobold brigand but does no damage.
The kobold brigand is heavily wounded.
You conjure some foxfire!
The foxfire hits the kobold brigand.
The kobold brigand is severely wounded.
The foxfire hits the kobold brigand!
The kobold brigand is almost dead.
The centaur shoots an arrow.
The arrow hits you!
The centaur shoots an arrow.
The arrow hits you.
* * * LOW HITPOINT WARNING * * *
Unknown command.
You feel much better.
The foxfire hits the kobold brigand.
You kill the kobold brigand!
You hear a splash. x2
The centaur shoots an arrow.
The arrow hits you.
You conjure some foxfire!
The foxfire hits the centaur.
The centaur is lightly wounded.
The centaur shoots an arrow.
The arrow hits you.
The centaur shoots an arrow.
The arrow closely misses you.
You are too injured to fight recklessly!
Your foxfire dissipates!
The foxfire hits the centaur.
The centaur is moderately wounded.
The centaur shoots an arrow.
The arrow completely misses you.
The centaur shoots an arrow.
The arrow hits you.
The centaur shoots an arrow.
The arrow barely misses you.
Things that are here:
a +0 giant club; a +0 giant club; a two-headed ogre corpse The centaur shoots an arrow.
The arrow hits you.
* * * LOW HITPOINT WARNING * * *
The centaur shoots an arrow.
The arrow hits you.
* * * LOW HITPOINT WARNING * * *
The centaur shoots an arrow.
The arrow hits you!
You die...

.................................
.................................
######....c####.##>...........###
######.# #.##.............##
##c###.................#
##....###...............#
##..##..##...........(...#
#...###..................# ##..##
###@...............# ##..##
##..)............## ##..##
#................# ##..##
#.............#### ##..##
#<.........>...### #.)##
#......#######...## ##.##
#####.## ###... ##.## #.#
####..... #.## #.#####........


You could see a centaur.

Vanquished Creatures
  A two-headed ogre (D:5)
  Sigmund (D:5)
  A necrophage (D:5)
  An ogre (D:4)
  A phantom (D:5)
  A kobold brigand (D:5)
  2 scorpions
  A centaur zombie (D:4)
  A hound (D:5)
  3 orc priests
  A gnoll shaman (D:4)
  Natasha (thrice) (D:4)
  An orc wizard (D:3)
  A hound skeleton (D:5)
  6 adders
  5 gnolls (D:4)
  An adder skeleton (D:4)
  A dart slug (D:2)
  11 orcs
  3 bats
  7 endoplasms
  A giant cockroach (D:1)
  6 goblins
  7 hobgoblins
  3 jackals (D:3)
  A quokka (D:4)
  6 ball pythons
  5 frilled lizards
  8 kobolds
  9 rats
99 creatures vanquished.

Vanquished Creatures (others)
  328 foxfires
  A plant (D:3)
329 creatures vanquished.

Grand Total: 428 creatures vanquished

Notes
Turn   | Place    | Note
-------+----------+-------------------------------------------
     0 | D:1      | blank1 the Deep Elf Fire Elementalist began the quest for
                  | the Orb.
     0 | D:1      | Reached XP level 1. HP: 10/10 MP: 6/6
   193 | D:1      | Reached XP level 2. HP: 15/15 MP: 5/8
  1204 | D:2      | Reached XP level 3. HP: 19/19 MP: 5/9
  1309 | D:2      | Found a faded altar of an unknown god.
  1309 | D:2      | Noticed a green death
  1958 | D:2      | Learned a level 2 spell: Scorch
  2073 | D:3      | Reached skill level 4 in Spellcasting
  2074 | D:3      | Reached XP level 4. HP: 24/24 MP: 7/12
  2173 | D:3      | Reached skill level 1 in Fighting
  2427 | D:3      | Reached skill level 5 in Spellcasting
  2435 | D:3      | Reached XP level 5. HP: 29/29 MP: 4/14
  2933 | D:4      | Noticed Natasha
  2937 | D:4      | Killed Natasha
  2938 | D:4      | Reached skill level 5 in Fire Magic
  3098 | D:4      | Noticed Natasha
  3103 | D:4      | Killed Natasha
  3191 | D:4      | Reached XP level 6. HP: 32/34 MP: 5/16
  3436 | D:4      | Noticed Natasha
  3441 | D:4      | Killed Natasha
  3466 | D:4      | Reached skill level 6 in Spellcasting
  3606 | D:4      | Found a staircase to the Ecumenical Temple.
  3618 | Temple   | Entered the Ecumenical Temple
  3796 | D:4      | Identified the +0 cloak of the Old World {+Blink rC+ Str-5
                  | SInv}
  3902 | D:4      | Identified the +7 quarterstaff of the Blue Skies {holy,
                  | rCorr Stlth+}
  3976 | D:4      | Reached XP level 7. HP: 38/38 MP: 11/18
  4212 | D:4      | Learned a level 3 spell: Conjure Flame
  4216 | D:4      | Learned a level 3 spell: Dazzling Flash
  4226 | D:5      | Entered Level 5 of the Dungeon
  4359 | D:5      | Reached skill level 1 in Hexes
  4485 | D:5      | Noticed Sigmund
  4490 | D:5      | Killed Sigmund
  4497 | D:5      | Reached skill level 7 in Spellcasting
  4574 | D:5      | Noticed a two-headed ogre
  5008 | D:5      | Killed a two-headed ogre
  5009 | D:5      | Reached skill level 8 in Spellcasting
  5009 | D:5      | Reached skill level 9 in Spellcasting
  5009 | D:5      | Reached skill level 5 in Hexes
  5009 | D:5      | Reached XP level 8. HP: 44/44 MP: 6/23
  5141 | D:5      | Shot with an arrow by a centaur

Illustrated notes

Levels and vault maps discovered:
D:1:      moated_graveyard_arrival, layout_basic
D:2:      layout_loops_ring, dreamdust_ecumenical_altar_sealed_demon,
          nicolae_figureground_sparkle
D:3:      layout_rooms, saegor_snake_ambush
D:4:      layout_cave_pools, minmay_temple_entry_hall, uniq_natasha
D:5:      minmay_goblin_kobold_castle, layout_cave_pods, uniq_sigmund
Temple:   eino_temple_rhombus

Skill      XL: |  1  2  3  4  5  6  7 |
---------------+----------------------+-----
Stealth        | 3 4 |  4.0
Dodging        | 3 4 |  4.0
Conjurations   | 2 3 |  3.0
Fire Magic     | 4 5 6 7 |  7.0
Spellcasting   | 4 5 6 9 |  9.0
Fighting       | 1 2 |  2.6
Hexes          | 5 |  5.0

Action                   |  1- 3 |  4- 6 |  7- 9 || total
-------------------------+-------+-------+-------++-------
Melee: Dagger            |     6 |       |       ||     6
 Cast: Foxfire           |    84 |    77 |    34 ||   195
       Scorch            |       |    23 |    11 ||    34
       Conjure Flame     |       |       |     2 ||     2
  Use: Scroll            |     2 |       |     1 ||     3
       Potion            |       |       |     1 ||     1
 Stab: Sleeping          |     1 |       |       ||     1
Armor: Robe              |     3 |     2 |     1 ||     6
Dodge: Dodged            |     8 |    13 |     5 ||    26

Table legend: (Time is in decaauts)
 A = Elapsed time spent in this place.
 B = Non-inter-level travel time spent in this place.
 C = Inter-level travel time spent in this place.
 D = Time resting spent in this place.
 E = Time spent auto-exploring this place.
 F = Levels seen in this place.
 G = Mean time per level.
                   A        B        C        D        E       F      G
               +--------+--------+--------+--------+--------+-----+--------+
         Total |   5171 |   4999 |    172 |    497 |   3305 |   6 |  861.8 |
       Dungeon |   5003 |   4848 |    155 |    497 |   3167 |   5 | 1000.6 |
        Temple |    167 |    150 |     17 |      0 |    138 |   1 |  167.0 |
               +--------+--------+--------+--------+--------+-----+--------+

Top non-repeatable levels by time:
     D:3: 1156 daAuts
     D:4: 1084 daAuts
     D:2: 1046 daAuts
     D:1: 948 daAuts
     D:5: 766 daAuts
  Temple: 167 daAuts
